Selects Australian Defense Battlegroup
Selects Australian Light Infantry Section
Australian Light Infantry Section
Construct Section Command Post
Construct Field Infirmary
Construct Platoon Command Post
Unlock M3 Stuart Light Tanks
Selects Defensive Tactics
Selects CMP 15cwt Supply Run
Construct Company Command Post
Selects Reinforced Resource Caches
Selects Archer Tank Destroyer
Australian Light Infantry Section
Unlock M3 Grant Medium Tanks